 Dungeon Crawl Stone Soup version 0.31.0-12-g77e489cdc1 (webtiles) character file.

Game seed: 11210583342560503519

310 Doomgape the Trooper (level 6, -8/40 HPs)
             Began as a Gargoyle Fighter on Feb 25, 2024.
             Mangled by an ogre
             ... wielding a +0 giant club
              (17 damage)
             ... on level 4 of the Dungeon.
             The game lasted 00:05:43 (2601 turns).

Doomgape the Trooper (Gargoyle Fighter)             Turns: 2601, Time: 00:05:44

Health: -8/40      AC: 15    Str: 22    XL:     6   Next: 41%
Magic:  6/6        EV:  8    Int:  8    God:
Gold:   226        SH:  4    Dex:  9    Spells: 5/5 levels left

rFire   . . .        p - +0 morningstar
rCold   . . .        c - +0 buckler
rNeg    + . .        g - +1 chain mail
rPois   ∞            (no helmet)
rElec   +            (no cloak)
rCorr   .            (no gloves)
SInv    .            (no boots)
Will    .....        (no amulet) Stlth
                     (no ring)
HPRegen 0.26/turn    (no ring)
MPRegen 0.10/turn

%: no passive effects
@: no status effects
A: sickness immunity, AC +4, negative energy resistance 1, electricity
resistance, torment resistance 1, petrification resistance
a: no special abilities


You were on level 4 of the Dungeon.
You visited 1 branch of the dungeon, and saw 4 of its levels.

You collected 226 gold pieces.

Inventory:

Hand Weapons
 p - a +0 morningstar (weapon)
Missiles
 h - 4 javelins (quivered)
Armour
 c - a +0 buckler (worn)
 g - a +1 chain mail (worn)
Scrolls
 i - 2 scrolls of immolation
 l - a scroll of identify
Potions
 a - a potion of haste {unknown}
 b - 2 potions of resistance
 d - 2 potions of might
 f - 2 potions of mutation {unknown}
 j - 2 potions of magic {unknown}
 k - 2 potions of brilliance {unknown}


   Skills:
 + Level 5.2 Fighting
 + Level 4.0 Maces & Flails
 + Level 5.1 Armour
 - Level 3.2 Shields


You had 5 spell levels left.
You didn't know any spells.
Your spell library contained the following spells:

 Spells                   Type           Power      Damage    Failure   Level
 Apportation              Tloc           0%         N/A       97%         1
 Magic Dart               Conj           0%         1d3       97%         1
 Jinxbite                 Hex            0%         N/A       99%         2
 Searing Ray              Conj           0%         2d4       99%         2
 Inner Flame              Hex/Fire       0%         N/A       100%        3
 Flame Wave               Conj/Fire      0%         2d4       100%        4
 Fulminant Prism          Conj/Alch      0%         3d5       100%        4
 Sticky Flame             Fire/Alch      0%         2d4       100%        4
 Alistair's Intoxication  Alch           0%         N/A       100%        5


Dungeon Overview and Level Annotations

Branches:
Dungeon (4/15)
 Temple: D:4-7

Altars:


Innate Abilities, Weirdness & Mutations

You are immune to sickness and miasma.
Your stone body is resilient. (AC +4)
You are immune to poison.
You resist negative energy. (rN+)
You are resistant to electric shocks. (rElec)
You are resistant to unholy torment.
You are immune to petrification.


Message History

You sock the black bear!
You kill the black bear!
Your Fighting skill increases to level 5!
Your Maces & Flails skill increases to level 4!
Your Armour skill increases to level 5!
You have reached level 6!
Found a chain mail.
Found a ring mail.
A jackal comes into view.
The jackal barks!
A jackal comes into view.
The jackal bites you but does no damage.
You closely miss the jackal. You block the jackal's attack.
The jackal bites you but does no damage.
You barely miss the jackal.
The jackal bites you but does no damage.
You block the jackal's attack.
You closely miss the jackal. The jackal bites you.
The jackal bites you but does no damage.
You closely miss the jackal. The jackal barely misses you.
You barely miss the jackal.
The jackal bites you but does no damage. x2
You closely miss the jackal.
The jackal bites you but does no damage. x2
You hit the jackal but do no damage. You block the jackal's attack.
The jackal closely misses you.
You sock the jackal!
You kill the jackal!
No target in view!
An ogre comes into view. It is wielding a +0 giant club.
You see here a jackal corpse.
The ogre hits you with a +0 giant club.
You hit the ogre but do no damage.
The ogre hits you with a +0 giant club!!
Ouch! That really hurt!
* * * LOW HITPOINT WARNING * * *
You hit the ogre.
The ogre is lightly wounded.
The ogre hits you with a +0 giant club!
You die...

###... ..h..#...... .#
[..........## ## .
#...........# .#
..###.#....[.....#
§###.......#..#.......#
§§§§.......#.#........#
§§§§##..............#
#§§§............O..##
.§..............@.##
#..#####.........###
#...###..........†.#
#..............#..##
##..........#..#.##
#..####.....##..##
...#............#
...#......†...###
..............#


You could see an ogre.

Vanquished Creatures
  A black bear (D:4)
  A bombardier beetle (D:4)
  A hound (D:4)
  6 adders
  4 dart slugs
  A ribbon worm (D:3)
  4 orcs (D:3)
  8 ball pythons
  4 endoplasms
  4 giant cockroaches
  5 hobgoblins
  8 jackals
  3 quokkas
  4 bats
  4 frilled lizards
  11 goblins
  9 kobolds
  9 rats
87 creatures vanquished.

Notes
Turn   | Place    | Note
-------+----------+-------------------------------------------
     0 | D:1      | Doomgape the Gargoyle Fighter began the quest for the Orb.
     0 | D:1      | Reached XP level 1. HP: 14/14 MP: 1/1
    66 | D:1      | Reached XP level 2. HP: 14/19 MP: 2/2
   286 | D:1      | Reached XP level 3. HP: 24/24 MP: 3/3
   778 | D:2      | Reached XP level 4. HP: 27/29 MP: 4/4
  1667 | D:3      | Reached XP level 5. HP: 33/34 MP: 5/5
  2548 | D:4      | Noticed a black bear
  2555 | D:4      | Killed a black bear
  2556 | D:4      | Reached skill level 5 in Fighting
  2556 | D:4      | Reached skill level 5 in Armour
  2556 | D:4      | Reached XP level 6. HP: 36/40 MP: 6/6
  2601 | D:4      | Mangled by an ogre

Illustrated notes

Levels and vault maps discovered:
D:1:      sevenhm_arrival_forest_fort_small_3, layout_basic
D:2:      layout_basic, serial_glass, glass_columns_b, glass_columns_a,
          feat_on_display, item_on_display_a, feat_on_display,
          minmay_misc_feat_four_crosses
D:3:      layout_basic
D:4:      layout_cave_pools, uniq_edmund

Skill      XL: |  1  2  3  4  5 |
---------------+----------------+-----
Fighting       | 4 5 |  5.2
Armour         | 4 5 |  5.1
Maces & Flails | 3 4 |  4.0
Shields        | |  3.2

Action                     |  1- 3 |  4- 6 || total
---------------------------+-------+-------++-------
  Melee: Flail             |   135 |   162 ||   297
         Morningstar       |       |    38 ||    38
    Use: Scroll            |       |     8 ||     8
 Armour: Scale mail        |    17 |       ||    17
         Chain mail        |    91 |   178 ||   269
  Dodge: Dodged            |    62 |   108 ||   170
  Block: Buckler           |    33 |    39 ||    72
